Cogmind - Beta 13 X1 @@@ ROGUE MODE // 2023.06.28 @ 19:35:47 Player: OccultOnion Result: Destroyed by S-10 Pest with Light Assault Rifle Performance ------------- Evolutions (1) 500 Regions Visited (2) 400 Robots Destroyed (10) 50 Value Destroyed (309) 309 Prototype IDs (0) 0 Alien Tech Used (0) 0 Bonus (0) 0 TOTAL SCORE: 1259 Bonus ------- None Cogmind --------- Core Integrity 0/400 Matter 300/300 Energy 100/100 System Corruption 0% Temperature Cool (0) Movement Core (400) Ox7 Location -9/Materials Parts ------- > --- POWER (1) -------- (None) > --- PROPULSION (3) --- (None) > --- UTILITY (3) ------ Large Storage Unit Utility Shielding Utility Shielding > --- WEAPON (2) ------- (None) > --- INVENTORY (15) --- Medium Storage Unit High-capacity Battery (250) Peak State ------------ > --- POWER ------------ Light Ion Engine > --- PROPULSION ------- Aluminum Leg Aluminum Leg > --- UTILITY ---------- Utility Shielding Utility Shielding > --- WEAPON ----------- Medium Laser Assault Rifle > --- INVENTORY -------- Light Ion Engine Aluminum Leg Wheel Wheel Light Assault Rifle [Rating: 7] Favorites ----------- Power Light Ion Engine Engine Light Ion Engine Propulsion Aluminum Leg Leg Aluminum Leg Wheel Wheel Utility Utility Shielding Storage Large Storage Unit Protection Utility Shielding Weapon Medium Laser Energy Gun Medium Laser Ballistic Gun Assault Rifle Build | -11 -10 -9 ------- Run | Jun Mat Mat Slots Evolved 2 | . . 2 Power . | . . . Propulsion 1 | . . 1 Utility 1 | . . 1 Weapon . | . . . Parts Attached 15 | 5 8 2 Power 3 | 1 2 . Engine 3 | 1 2 . Core . | . . . Reactor . | . . . Propulsion 5 | 2 2 1 Treads . | . . . Leg 3 | 2 1 . Wheel 2 | . 1 1 Hover . | . . . Flight . | . . . Utility 4 | . 3 1 Device . | . . . Storage 1 | . 1 . Processor . | . . . Hackware . | . . . Protection 3 | . 2 1 Artifact . | . . . Weapon 3 | 2 1 . Energy Gun 1 | 1 . . Energy Cannon . | . . . Ballistic Gun 2 | 1 1 . Ballistic Cannon . | . . . Launcher . | . . . Special Weapon . | . . . Impact Weapon . | . . . Slashing Weapon . | . . . Piercing Weapon . | . . . Special Melee Weapon . | . . . Unidentified Prototypes . | . . . Parts Lost 11 | . 7 4 Power 3 | . 2 1 Propulsion 5 | . 2 3 Utility . | . . . Weapon 3 | . 3 . Highest Loss Streak 4 | . 4 4 To Critical Strikes . | . . . Average Slot Usage (%) 82 | . 92 55 Engine 10 | . 12 5 Leg 20 | . 26 5 Wheel 4 | . . 13 Storage 11 | . 12 11 Protection 16 | . 14 21 Energy Gun 7 | . 10 . Ballistic Gun 9 | . 13 . Naked Turns . | . . . Heaviest Build 30 | 7 30 25 Greatest Support 20 | 20 20 20 Greatest Overweight (x) 7 | . 2 7 Average Overweight (x) . | . 1 1 Largest Inventory Capacity 15 | 5 15 15 Average Capacity 12 | 5 14 15 Most Carried 7 | 5 7 2 Average Carried 4 | 2 6 1 Final Capacity 15 | 5 15 15 Final Carried 5 | 5 3 2 Class Distribution -------------------- 100% | Mutant Dominant Class ---------------- Mutant | -10/Materials Mutant | -9/Materials Resources | -11 -10 -9 ----------- Run | Jun Mat Mat Matter Collected 394 | 262 132 . Remotely . | . . . Salvage Created 378 | 65 293 20 Parts 22 | 3 18 1 Haulers Intercepted . | . . . Recyclers Shooed . | . . . Parts Field Recycled . | . . . Retrieved Matter . | . . . Parts Self-Destructed . | . . . Prevented . | . . . Kills | -11 -10 -9 ------- Run | Jun Mat Mat Combat Hostiles Destroyed 9 | 1 7 1 Melee 1 | . . 1 Guns 8 | 1 7 . Classes Destroyed 3 | 2 . 1 Worker 1 | 1 . . Swarmer 1 | . . 1 Grunt 8 | 1 7 . Best Kill Streak 3 | 1 3 1 Combat Bots Only 3 | 1 3 1 Max Kills in Single Turn 1 | 1 1 1 Gunslinging . | . . . Exploded . | . . . Melee 1 | . . 1 Uniques/NPCs Destroyed . | . . . Combat | -11 -10 -9 -------- Run | Jun Mat Mat Damage Taken 1527 | 33 888 606 Core 635 | . 234 401 Absorbed by Shields . | . . . Redirected to Shielding 37 | . 13 24 Core Remaining (%) 53 | 100 6 . Volleys Fired 41 | 4 37 . Largest 2 | 2 2 . Hottest 70 | 70 70 . Shots Fired 63 | 8 55 . Gun 63 | 8 55 . Cannon . | . . . Launcher . | . . . Special . | . . . Kinetic 41 | 4 37 . Thermal 22 | 4 18 . Explosive . | . . . Electromagnetic . | . . . Robot Hit Streak 18 | 5 18 . Robot Miss Streak 1 | 1 1 . Penetration Max . | . . . Secondary Targets . | . . . Shots Hit Robots 51 | 6 45 . Core Hits 22 | 3 17 2 Critical Kills . | . . . Critical Parts Destroyed . | . . . Critical Strikes 2 | 1 1 . Burn 2 | 1 1 . Melee Attacks . | . . . Impact . | . . . Slashing . | . . . Piercing . | . . . Sneak Attacks . | . . . Combat Hostiles . | . . . Follow-up Attacks . | . . . Damage Inflicted 629 | 70 516 43 Guns 586 | 70 516 . Cannons . | . . . Explosions . | . . . Melee . | . . . Ramming 43 | . . 43 Kinetic 360 | 44 316 . Thermal 226 | 26 200 . Explosive . | . . . Electromagnetic . | . . . Impact . | . . . Slashing . | . . . Piercing . | . . . Highest Corruption . | . . . Average Corruption . | . . . Corruption Purged . | . . . Corruption Blocked . | . . . Overload Shots . | . . . Overflow Damage . | . . . Projectiles . | . . . Explosions . | . . . Melee . | . . . Knockbacks . | . . . Impact . | . . . Kinetic . | . . . Secondary . | . . . Self-Inflicted Damage 17 | . . 17 Shots . | . . . Rammed 21 | . . 21 Targets Rammed 21 | . . 21 Kicked . | . . . Crushed . | . . . Highest Temperature 108 | 30 108 . Average Temperature 39 | 14 43 . Received Heat Transfer 534 | 18 516 . Siege Activations . | . . . Robots Corrupted . | . . . Combat Hostiles . | . . . Parts Fried . | . . . Impact Corruptions . | . . . Robots Melted . | . . . Combat Hostiles . | . . . Parts Melted 5 | 2 3 . Heat Transferred 814 | 148 666 . Parts Sabotaged . | . . . Parts Stolen . | . . . Parts Stripped . | . . . Power Chain Reactions . | . . . Missiles Intercepted . | . . . Alert | -11 -10 -9 ------- Run | Jun Mat Mat Peak Influence 133 | 25 133 20 Initial 16 | . 16 5 Average 33 | 3 54 10 Maximum Alert Level . | . . . Low Security (%) 100 | 100 100 100 Level 1 . | . . . Level 2 . | . . . Level 3 . | . . . Level 4 . | . . . Level 5 . | . . . High Security . | . . . Max Security . | . . . Squads Dispatched 3 | . 2 1 Investigation 2 | . 2 . Extermination . | . . . Reinforcement 1 | . . 1 Assault . | . . . Garrison . | . . . Intercept . | . . . Searches Triggered . | . . . Construction Impeded . | . . . Haulers Reinforced . | . . . Active Scanning Responses . | . . . Cargo Convoy Interrupts . | . . . Stealth | -11 -10 -9 --------- Run | Jun Mat Mat Distress Signals . | . . . Communications Jammed . | . . . Distress Signals . | . . . Times Spotted 18 | 1 12 5 Peak Tracking Total 6 | 1 6 4 Tactical Retreats 1 | . 1 . Traps | -11 -10 -9 ------- Run | Jun Mat Mat Traps Triggered 2 | . 2 . Indirectly . | . . . Trap Hack Attempts . | . . . Triggered . | . . . Disarmed . | . . . Reprogrammed . | . . . Reused . | . . . Traps Extracted . | . . . Installed . | . . . Triggered . | . . . Machines | -11 -10 -9 ---------- Run | Jun Mat Mat Machines Disabled . | . . . Max in Single Turn . | . . . Machines Repaired . | . . . Machines Sabotaged . | . . . Overloaded Fab Kills . | . . . Hacking | -11 -10 -9 --------- Run | Jun Mat Mat Machines Accessed 4 | . 3 1 Terminals 3 | . 3 . Fabricators . | . . . Repair Stations . | . . . Recycling Units . | . . . Scanalyzers 1 | . . 1 Garrison Access . | . . . Total Hacks 16 | . 11 5 Successful 9 | . 5 4 Failed 7 | . 6 1 Catastrophic . | . . . Database Lockouts . | . . . Manual 8 | . 8 . Terminals 11 | . 11 . Fabricators . | . . . Repair Stations . | . . . Recycling Units . | . . . Scanalyzers 5 | . . 5 Garrison Access . | . . . Terminal Hacks 3 | . 3 . Unreport Threat 1 | . 1 . Zone Layout 2 | . 2 . Fabricator Hacks . | . . . Repair Station Hacks . | . . . Recycling Unit Hacks . | . . . Scanalyzer 4 | . . 4 Insert Component 2 | . . 2 Analyze 2 | . . 2 Garrison Access Hacks . | . . . Unauthorized Hacks 2 | . 2 . Terminals 2 | . 2 . Botnet 2 | . 2 . Fabricators . | . . . Repair Stations . | . . . Recycling Units . | . . . Scanalyzers . | . . . Garrison Access . | . . . Data Cores Recovered . | . . . Used . | . . . Hacking Detections 3 | . 3 . Full Trace Events . | . . . Feedback Events . | . . . Feedback Blocked . | . . . Robot Schematics Acquired . | . . . Robots Built . | . . . Authchips . | . . . Time . | . . . Total Robot Build Rating . | . . . Part Schematics Acquired 1 | . . 1 Parts Built . | . . . Authchips . | . . . Time . | . . . Total Part Build Rating . | . . . Parts Repaired . | . . . Time . | . . . Parts Recycled . | . . . Recycled Matter . | . . . Retrieved Matter . | . . . Retrieved Components . | . . . Parts Scanalyzed 1 | . . 1 Part Schematics Acquired 1 | . . 1 Parts Damaged . | . . . Bothacking | -11 -10 -9 ------------ Run | Jun Mat Mat Used RIF Installer . | . . . Robots Hacked . | . . . Non-combat . | . . . Combat . | . . . Robot Hacks Applied . | . . . Relay Couplers Released . | . . . Fabnet Peak Effective % . | . . . Robots Rewired . | . . . Allies Hacked . | . . . Hacks Repelled . | . . . Allies | -11 -10 -9 -------- Run | Jun Mat Mat Total Allies . | . . . Largest Group . | . . . Highest-Rated Group . | . . . Highest-Rated Ally . | . . . Total Orders . | . . . Ally Attacks . | . . . Total Damage . | . . . Kills . | . . . Allies Corrupted . | . . . Allies Melted . | . . . Intel | -11 -10 -9 ------- Run | Jun Mat Mat Robot Analysis Total . | . . . Derelict Logs Recovered . | . . . Drone Launches . | . . . Drone Recoveries . | . . . Exploration | -11 -10 -9 ------------- Run | Jun Mat Mat Turns Passed 594 | 138 330 126 Spaces Moved 293 | 105 135 53 Core 23 | 20 . 3 Treads . | . . . Legs 199 | 85 114 . Wheels 71 | . 21 50 Hover . | . . . Flight . | . . . Fastest Speed 50 | 50 110 95 Average Speed 136 | 106 168 112 Slowest Speed 400 | 120 260 400 Overloaded Moves . | . . . Propulsion Burnouts . | . . . Robots Hopped . | . . . Cave-ins Triggered . | . . . Exploration Rate (%) 12 | 5 28 4 Regions Visited 2 Branch Regions . Pre-discovered Areas . | . . . Known Exits Taken . | . . . Unknown Exits Taken 2 | 1 1 . Scrap Searched . | . . . Spaces Dug . | . . . Terrain Destroyed . | . . . Melee . | . . . Projectile . | . . . AOE . | . . . Terrain Rammed . | . . . Walls Destroyed . | . . . Machines Disabled . | . . . Actions | -11 -10 -9 --------- Run | Jun Mat Mat Total 386 | 121 185 80 Wait 6 | . 3 3 Move 291 | 104 134 53 Hop . | . . . Pick Up 10 | 7 2 1 Fast Attach 8 | 4 4 . Attach 7 | 1 4 2 Detach . | . . . Swap . | . . . Drop 2 | 1 1 . Fire 41 | 4 37 . Melee . | . . . Ram 21 | . . 21 Kick . | . . . Crush . | . . . Escape Stasis . | . . . Rewire . | . . . Trap . | . . . Miscellaneous . | . . . Route ------- -11/Junkyard -10/Materials -9/Materials History --------- Turn | Location | Event 2 | -11/Junkyard | Met Revision 17 118 | -11/Junkyard | Discovered new exit (range 8) 139 | -11/Junkyard | Entered Materials 309 | -10/Materials | Build established: Mutant 401 | -10/Materials | Core integrity fell below 50% 423 | -10/Materials | Lost 4 parts (1p1n2w) 435 | -10/Materials | Core integrity fell below 20% 458 | -10/Materials | Discovered new exit (range 11) 469 | -10/Materials | Entered another Materials area 469 | -9/Materials | Evolved 2 slots: Propulsion x1, Utility x1 564 | -9/Materials | Core integrity fell below 50% 579 | -9/Materials | Lost 4 parts (1p3n) 582 | -9/Materials | Core integrity fell below 20% 595 | -9/Materials | Destroyed by S-10 Pest with Light Assault Rifle Last Messages --------------- possession via the status screen. 00482_ Acquired Hcp. Battery. 00482_ ALERT: Hostiles spotted, dispatching reinforcements to Terminal M003. 00523_ Slammed into S-10 Pest. 00523_ Destabilizing: Core damaged (-20). 00523_ Lgt. Ion Engine destroyed. 00524_ Slammed into S-10 Pest. 00526_ Wheel broken. 00526_ Destabilizing: Short circuit. 00527_ Aluminum Leg destroyed. 00527_ Slammed into S-10 Pest. 00530_ S-10 Pest destroyed. 00530_ Slammed into S-10 Pest. 00532_ S-10 Pest destroyed. 00532_ Wheel broken. 00532_ Destabilizing: Short circuit. 00545_ Broken Wheel destroyed. 00548_ Slammed into S-10 Pest. 00548_ Broken Wheel destroyed. 00552_ Slammed into S-10 Pest. Map ----- +----------------------------------------------------+ | ???????????????????????????????????????????????? | | ???????????????????????????????????????????????? | | ???????????????????????????????????????????????? | | ???????????????????????????????????????????????? | | ???????????????????????????????????????????????? | | ???????????????????????????????????????????????? | | ???????????????????????????????????????????????? | | ????????????? ?????????????????????????????? | | ????????????? ?????????????????????????????? | | ????????????? ?????????????????????????????? | | ????????????? ?????????????????????????????? | | ?????????????# #?????????????????????????????? | | ?????????????# #?????????????????????????????? | | ?????????????+ #?????????????????????????????? | | ?????????????# #?????????????????????????????? | | ?????????????# #?????????????????????????????? | | ?????????????# #?????????????????????????????? | | ????########## #?????????????????????????????? | | ????# # ###########???????????????????? | | ????# "" # # #???????????????????? | | ????# ""S # # #???????????????????? | | ????# "" # # """ """ #???????????????????? | | ????# + # """ """ #???????????????????? | | ????# !! # +%""" """ #???????????????????? | | ????# ! # #%s% s #???????????????????? | | ????# ! # #%%=%%@ #???????????????????? | | ????# #####%=%%%%= #???????????????????? | | ????##########???###########???????????????????? | | ???????????????????????????????????????????????? | | ???????????????????????????????????????????????? | | ???????????????????????????????????????????????? | | ???????????????????????????????????????????????? | | ???????????????????????????????????????????????? | | ???????????????????????????????????????????????? | | | | | | | | | | | | | | | | | | | | | | | | | | | | | | | | | +----------------------------------------------------+ Best States ------------- Heat Dissipation 28 Energy Generation 10 Energy Capacity 250 Matter Stores 300 Matter Capacity 300 Sight Range 16 Terrain Scan Density 10 Utility Shielding 33 Evasion (%) 55 Item Schematics ----------------- Med. Storage Unit | -9/Materials | Scanalyzed Robot Schematics ------------------ None Fabricated ------------ Nothing Alien Tech Used ----------------- None Achievements -------------- None Challenges ------------ None Game ------ Seed WeightSubdwellerDatajack Manual? 0 Play Time 00:07:00 Cumulative 124.6 hours Start 2023.06.28 @ 19:29:55 End 2023.06.28 @ 19:35:47 Sessions 1 Manual Loads 0 Difficulty Rogue Special Mode None Game No. 249 Rogue 249 Adventurer 0 Explorer 0 Win Type - Total 1 Types 1/0/0/0/0/0/0/0/0 Lore% 40 Gallery% 55 Achievement% 37 Wizard Run 0 Options --------- ASCII 0 Keyboard 1 Movement Vi Keybinds 0 Fullscreen 1 Font 20/SmallcapsGlow Map View 82x60 Tactical HUD 1 Map Filters NONE Filters NONE Steam 1 RUN: 0fa44901-08ea-498e-bf12-db7c00610994